 Dungeon Crawl Stone Soup version 0.30.0-17-ge0270778cf (webtiles) character file.

Game seed: 3127072983877676918

1111 MacCMillion the Cleaver (level 8, 0/67 HPs)
             Began as a Minotaur Fighter on May 22, 2023.
             Slain by a vampire mosquito (6 damage)
             ... on level 5 of the Dungeon.
             The game lasted 00:07:53 (4770 turns).

MacCMillion the Cleaver (Minotaur Fighter)          Turns: 4770, Time: 00:07:53

Health: 0/67       AC: 15    Str: 22    XL:     8   Next: 11%
Magic:  7/7        EV:  7    Int:  5    God:
Gold:   226        SH:  4    Dex: 11    Spells: 7/7 levels left

rFire   . . .        a - +0 war axe
rCold   . . .        c - +0 buckler
rNeg    . . .        b - +0 plate armour
rPois   .            (helmet restricted)
rElec   .            t - +0 cloak
rCorr   .            r - +0 pair of gloves
SInv    .            m - +0 pair of boots
Will    .....        (no amulet) Stlth
                     (no ring)
HPRegen 0.31/turn    (no ring)
MPRegen 0.10/turn

%: no passive effects
@: no status effects
A: horns 2, retaliatory headbutt
a: no special abilities


You were on level 5 of the Dungeon.
You visited 1 branch of the dungeon, and saw 5 of its levels.
You also visited: Sewer.

You collected 226 gold pieces.

Inventory:

Hand Weapons
 a - a +0 war axe (weapon)
Missiles
 q - 3 boomerangs (quivered)
 y - 16 poisoned darts
Armour
 b - a +0 plate armour (worn)
 c - a +0 buckler (worn)
 m - a +0 pair of boots (worn)
 r - a +0 pair of gloves (worn)
 t - a +0 cloak (worn)
Wands
 p - a wand of charming (13)
Scrolls
 f - 2 scrolls of identify
 i - 2 scrolls of noise
 j - a scroll of summoning {unknown}
 k - 2 scrolls of teleportation
 l - a scroll of magic mapping {unknown}
 o - 2 scrolls of enchant armour {unknown}
 s - a scroll of torment {unknown}
 v - a scroll of fog {unknown}
 x - a scroll of poison {unknown}
 A - a scroll of amnesia {unknown}
Potions
 d - a potion of might
 e - a potion of resistance {unknown}
 g - 6 potions of curing {unknown}
 h - a potion of heal wounds {unknown}
 n - 3 potions of attraction {unknown}
 u - 2 potions of mutation {unknown}
 w - a potion of brilliance {unknown}
 z - a potion of invisibility {unknown}
 B - a potion of experience {unknown}
 C - 2 potions of haste {unknown}


   Skills:
 + Level 4.5 Fighting
 + Level 10.3 Axes
 + Level 4.5 Armour
 - Level 3.0 Dodging
 - Level 4.0 Shields


You had 7 spell levels left.
You didn't know any spells.
Your spell library contained the following spells:

 Spells                   Type           Power      Damage    Failure   Level
 Blade Hands              Tmut           0%         N/A       100%        5
 Irradiate                Conj/Tmut      0%         3d11      100%        5
 Dragon Form              Tmut           0%         N/A       100%        7


Dungeon Overview and Level Annotations

Branches:
Dungeon (5/15)              Sewer (visited)
 Temple: D:4-7

Altars:
Cheibriados
Dithmenos
Uskayaw

Shops:
D:5 *


Innate Abilities, Weirdness & Mutations

You have a pair of horns on your head.
You reflexively headbutt those who attack you in melee.


Message History

You start resting.
A vampire mosquito is nearby!
A vampire mosquito is nearby!
The vampire mosquito buzzes angrily.
You hear an angry buzzing noise. x2
The vampire mosquito attacks as you move away!
The vampire mosquito barely misses you.
The vampire mosquito bites you but does no damage.
The vampire mosquito bites you!
The vampire mosquito draws strength from your injuries!
You are too injured to fight recklessly!
You slash the vampire mosquito!
The vampire mosquito is moderately damaged.
The vampire mosquito bites you.
The vampire mosquito draws strength from your injuries!
The vampire mosquito barely misses you. You furiously retaliate!
You headbutt the vampire mosquito. You barely miss the vampire mosquito.
Your headbutt misses the vampire mosquito.
The vampire mosquito is moderately damaged.
The vampire mosquito closely misses you.
You furiously retaliate!
You headbutt the vampire mosquito. You miss the vampire mosquito.
You headbutt the vampire mosquito.
The vampire mosquito is heavily damaged.
The vampire mosquito bites you but does no damage.
The vampire mosquito bites you!
* * * LOW HITPOINT WARNING * * *
The vampire mosquito draws strength from your injuries!
The vampire mosquito bites you!
* * * LOW HITPOINT WARNING * * *
The vampire mosquito draws strength from your injuries!
You miss the vampire mosquito. The vampire mosquito bites you.
* * * LOW HITPOINT WARNING * * *
The vampire mosquito draws strength from your injuries!
You closely miss the vampire mosquito.
The vampire mosquito bites you but does no damage. x2
Unknown command.
You hit the vampire mosquito.
The vampire mosquito is lightly damaged.
The vampire mosquito barely misses you. The vampire mosquito bites you.
You die...

# .#
###.#####
#.......#
######.#
#..@yy.#
#.######
#


You could see 2 vampire mosquitoes.

Vanquished Creatures
  Grinder (D:3)
  An ice beast (D:5)
  An ogre (D:4)
  2 kobold brigands (Sewer)
  A quasit (Sewer)
  A hound (D:4)
  3 jellies
  An iguana (D:5)
  Ijyb (D:5)
  2 orc wizards
  3 gnolls (D:3)
  10 adders
  A river rat (D:5)
  6 shadow imps (Sewer)
  A white imp (D:5)
  5 ufetubi (Sewer)
  2 worms
  7 orcs
  10 ball pythons
  8 bats
  11 endoplasms
  9 giant cockroaches
  7 goblins
  7 hobgoblins
  3 jackals (D:2)
  6 quokkas
  17 kobolds
  A kobold zombie (Sewer)
  5 rats
133 creatures vanquished.

Vanquished Creatures (others)
  A giant cockroach zombie (Sewer)
  2 kobold zombies (Sewer)
3 creatures vanquished.

Grand Total: 136 creatures vanquished

Notes
Turn   | Place    | Note
-------+----------+-------------------------------------------
     0 | D:1      | MacCMillion the Minotaur Fighter began the quest for the
                  | Orb.
     0 | D:1      | Reached XP level 1. HP: 19/19 MP: 0/0
   133 | D:1      | Reached XP level 2. HP: 23/26 MP: 1/1
   150 | D:1      | Reached skill level 3 in Axes
   596 | D:1      | Found a faded altar of an unknown god.
  1114 | D:2      | Reached XP level 3. HP: 31/31 MP: 2/2
  1183 | D:2      | Reached skill level 1 in Dodging
  1408 | D:2      | Reached skill level 4 in Axes
  1713 | D:2      | Reached XP level 4. HP: 30/39 MP: 3/3
  1761 | D:2      | Reached skill level 5 in Axes
  2066 | D:3      | Reached XP level 5. HP: 45/45 MP: 4/4
  2187 | D:3      | Noticed Grinder
  2202 | D:3      | Killed Grinder
  2203 | D:3      | Reached skill level 7 in Axes
  2203 | D:3      | Reached XP level 6. HP: 32/51 MP: 5/5
  2567 | D:3      | Reached skill level 8 in Axes
  3325 | D:4      | Reached skill level 9 in Axes
  3325 | D:4      | Reached XP level 7. HP: 57/57 MP: 6/6
  3357 | D:4      | Found a shadowy altar of Dithmenos.
  3357 | D:4      | Found a faded altar of an unknown god.
  3364 | D:4      | Found a snail-covered altar of Cheibriados.
  3366 | D:4      | Found a faded altar of an unknown god.
  3368 | D:4      | Found a hide-covered altar of Uskayaw.
  3734 | D:5      | Entered Level 5 of the Dungeon
  3751 | D:5      | Found Ysalo's Overcharged Wands.
  4057 | D:5      | Found a glowing drain.
  4072 | Sewer    | Entered a sewer
  4231 | Sewer    | Reached skill level 10 in Axes
  4249 | Sewer    | Found a burning altar of Makhleb.
  4543 | D:5      | Reached XP level 8. HP: 58/67 MP: 7/7
  4571 | D:5      | Noticed Ijyb
  4577 | D:5      | Killed Ijyb
  4770 | D:5      | Slain by a vampire mosquito

Illustrated notes

Levels and vault maps discovered:
D:1:      sevenhm_arrival_forest_fort_small_6, layout_basic,
          shapermc_ecumenical_altar_flowoftime
D:2:      minmay_diamond_boxcup, layout_loops_corners
D:3:      layout_basic, kennysheep_doodads, serial_bayou_pond_a, uniq_grinder
D:4:      layout_basic, chequers_temple_overflow_minitemple
D:5:      layout_basic, gup_sewer_entry_bubbles, nicolae_shop_overcharged_wands,
          uniq_ijyb

Skill      XL: |  1  2  3  4  5  6  7 |
---------------+----------------------+-----
Shields        | 4 |  4.0
Axes           | 3 4 5 7 9 10 | 10.3
Dodging        | 1 3 |  3.0
Fighting       | 4 |  4.5
Armour         | 4 |  4.5

Action                     |  1- 3 |  4- 6 |  7- 9 || total
---------------------------+-------+-------+-------++-------
  Melee: War axe           |    75 |    94 |   162 ||   331
         Headbutt          |    11 |    11 |    17 ||    39
    Use: Scroll            |       |       |     2 ||     2
 Armour: Scale mail        |    11 |       |       ||    11
         Chain mail        |     7 |       |       ||     7
         Plate armour      |    34 |    51 |   118 ||   203
  Dodge: Dodged            |    31 |    23 |    57 ||   111
  Block: Buckler           |    13 |    17 |    40 ||    70
